 Dungeon Crawl Stone Soup version 0.28-a0-500-g121bc3e445 (webtiles) character file.

Game seed: 4385044354511787948

33296 bande the Cleaver (level 13, -14/80 HPs)
             Began as a Gargoyle Fighter on Sept 19, 2021.
             Was a High Priest of Okawaru.
             Demolished by Rupert (28 damage)
             ... on level 4 of the Lair of Beasts.
             The game lasted 00:34:35 (18383 turns).

bande the Cleaver (Gargoyle Fighter)               Turns: 18383, Time: 00:34:36

Health: -14/80     AC: 34    Str: 22    XL:     13   Next: 70%
Magic:  17/18      EV: 12    Int:  9    God:    Okawaru [*****.]
Gold:   1024       SH:  8    Dex: 22    Spells: 10/12 levels left

rFire   + + .      SeeInvis .   F - +3 broad axe (vamp)
rCold   + . .      Faith    .   c - +0 buckler
rNeg    + . .      Spirit   .   C - +1 chain mail {rF+}
rPois   ∞          Reflect  .   j - +1 helmet
rElec   +          Harm     .   k - scarf {rC+ rF+}
rCorr   .          Rampage  .   m - +0 pair of gloves
Will    .....                   l - +0 pair of boots
Stlth   +.........              (no amulet)
HPRegen 0.23/turn               g - +6 ring of dexterity
MPRegen 0.16/turn               w - +4 ring of protection

@: heroic
A: sickness immunity, AC +9, negative energy resistance 1, electricity
resistance, torment resistance 1, petrification resistance, thin skeletal
structure 1, agile 1, MP-powered wands
a: Renounce Religion, Heroism, Finesse, Duel


You were on level 4 of the Lair of Beasts.
You worshipped Okawaru.
Okawaru was extremely pleased with you.
You visited 3 branches of the dungeon, and saw 15 of its levels.

You collected 1024 gold pieces.

Inventory:

Hand Weapons
 a - a +1 war axe of venom
 n - a +0 war axe
 z - a +1 flail of protection
 F - a +3 vampiric broad axe (weapon)
Armour
 c - a +0 buckler (worn)
 j - a +1 helmet (worn)
 k - a scarf of resistance (worn)
 l - a +0 pair of boots (worn)
 m - a +0 pair of gloves (worn)
 v - a +0 chain mail of cold resistance
 C - a +1 chain mail of fire resistance (worn)
Jewellery
 g - a +6 ring of dexterity (left hand)
 o - a ring of flight
 w - a +4 ring of protection (right hand)
 A - a +4 ring of slaying
 D - a ring of resist corrosion
 G - a ring of positive energy
Wands
 q - a wand of polymorph (10)
 u - a wand of iceblast (17)
 H - a wand of paralysis (12)
Scrolls
 b - a scroll of teleportation
 h - a scroll of magic mapping
 i - a scroll of enchant armour
 p - a scroll of silence
 s - a scroll of fear
 y - a scroll of fog
Potions
 d - 2 potions of might
 e - a potion of ambrosia
 f - 3 potions of curing
 r - 8 potions of heal wounds
 t - 2 potions of resistance
 x - a potion of mutation
 B - 5 potions of brilliance


   Skills:
 + Level 9.3(14.3) Fighting
 + Level 12.4(17.4) Axes
 + Level 10.3(15.3) Armour
 + Level 8.4(13.4) Shields
 * Level 3.3 Translocations
 * Level 7.5 Invocations
 + Level 8.1 Evocations


You had 10 spell levels left.
You knew the following spells:

 Your Spells              Type           Power      Damage    Failure   Level
a - Blink                 Tloc           N/A        N/A       58%         2

Your spell library contained the following spells:

 Spells                   Type           Power      Damage    Failure   Level
 Lesser Beckoning         Tloc           5%         N/A       83%         3
 Sandblast                Erth           0%         2d4       88%         1
 Passwall                 Tmut/Erth      0%         N/A       96%         2
 Slow                     Hex            0%         N/A       96%         2
 Portal Projectile        Hex/Tloc       4%         N/A       96%         3
 Confusing Touch          Hex            0%         N/A       99%         3
 Ignite Poison            Fire/Tmut/Pois 0%         N/A       99%         3
 Inner Flame              Hex/Fire       0%         N/A       99%         3
 Mephitic Cloud           Conj/Pois/Air  0%         N/A       99%         3
 Stone Arrow              Conj/Erth      0%         3d7       99%         3
 Passage of Golubria      Tloc           N/A        N/A       99%         4
 Cause Fear               Hex            0%         N/A       100%        4
 Fulminant Prism          Conj/Hex       0%         3d6       100%        4
 Leda's Liquefaction      Hex/Erth       0%         N/A       100%        4
 Fireball                 Conj/Fire      0%         3d3       100%        5
 Freezing Cloud           Conj/Ice/Air   0%         6-21      100%        5
 Iskenderun's Battlesphe  Conj           0%         2d6       100%        5
 Manifold Assault         Tloc           5%         N/A       100%        5
 Yara's Violent Unravell  Hex/Tmut       0%         3d3       100%        5
 Conjure Ball Lightning   Conj/Air       0%         3x3d6     100%        6
 Discord                  Hex            0%         N/A       100%        8
 Call Canine Familiar     Summ           Unusable   N/A       N/A         3
 Tukima's Dance           Hex            Unusable   N/A       N/A         3

Dungeon Overview and Level Annotations

Branches:
Dungeon (10/15)            Temple (1/1) D:7            Lair (4/6) D:10
 Shoals (0/4) Lair:2       Spider (0/4) Lair:2          Orc (0/2) D:9

Altars:
Ashenzari
Cheibriados
Dithmenos
Elyvilon
Fedhas
Gozag
Hepliaklqana
Kikubaaqudgha
Makhleb
Nemelex Xobeh
Okawaru
Qazlal
Ru
Sif Muna
Trog
Uskayaw
Vehumet
Wu Jian
Xom
Yredelemnul
Zin
The Shining One
Beogh

Shops:
D:10 *=

Annotations:
D:6 1 runed translucent door, yellowboar's ghost, novice TeAE
Lair:2 exclusion: oklob plant
Lair:3 exclusion: oklob plant
Lair:4 1 runed translucent door, Beilucy's ghost, journeyman FoFi; Rupert


Innate Abilities, Weirdness & Mutations

You are immune to sickness and miasma.
Your stone body is resilient. (AC +9)
You are immune to poison.
You resist negative energy. (rN+)
You are resistant to electric shocks. (rElec)
You are resistant to unholy torment.
You are immune to petrification.
You have a somewhat thin skeletal structure. (Dex +2, Stealth+)
You are agile. (Dex +2)
You expend magic power (3 MP) to strengthen your wands.


Message History

You struggle to resist.
You gain the combat prowess of a mighty hero.
Rupert hits you with a +2 triple sword of flaming!
Rupert burns you.
You slash Rupert!
You feel better.
Rupert is moderately wounded.
Rupert hits you with a +2 triple sword of flaming!
Rupert burns you.
Unknown command.
You slash Rupert!
You feel better.
Rupert is heavily wounded.
Rupert barely misses you.
You barely miss Rupert.
Rupert is heavily wounded.
Rupert completely misses you.
Unknown command.
You hit Rupert.
Rupert is heavily wounded.
You hit Rupert.
You feel better.
Rupert is heavily wounded.
Rupert looks confused.
Rupert roars madly and goes into a rage!
Rupert goes berserk!
You slash Rupert!
You feel better.
Rupert is heavily wounded.
Rupert misses you.
Unknown command.
You slash Rupert!
Rupert is heavily wounded.
Rupert hits you with a +2 triple sword of flaming!
You slash Rupert!
Rupert is severely wounded.
Rupert hits you with a +2 triple sword of flaming!!
* * * LOW HITPOINT WARNING * * *
Rupert burns you.
* * * LOW HITPOINT WARNING * * *
You hit Rupert but do no damage.
Rupert is severely wounded.
Rupert hits you with a +2 triple sword of flaming!!
You die...

.......##
..#........#....##.....
##P....#
...##............##.....
##....#
...#........#....÷......
................††...>.
.P........#....#...÷..
#....$.......##......
#......#.#..###.....
##.......##..# #.....
#..@@...###...##.....
........................
...(....................
........................
..........#P.P####......
##.##..#..##### #P...##
## ###...# ##... ....
#...


PP... # You could see Rupert (berserk).

Vanquished Creatures
  A catoblepas (Lair:4)
  A tengu warrior (D:10)
  3 black mambas (Lair:3)
  A merfolk siren (Lair:2)
  6 elephants (Lair:3)
  10 cane toads
  3 rime drakes
  5 komodo dragons
  A jumping spider (Lair:2)
  2 trolls (D:10)
  3 hornets
  A polar bear (Lair:3)
  5 blink frogs (Lair:3)
  A redback (Lair:2)
  2 shadows
  26 yaks
  A basilisk (Lair:3)
  4 wyverns
  2 steam dragons
  Edmund (D:5)
  9 water moccasins
  2 black bears (D:5)
  3 orc warriors
  3 ice beasts
  4 sky beasts
  3 ogres
  2 necrophages
  3 centaurs
  11 wolves
  A phantom (D:7)
  Blork the orc (D:5)
  13 bullfrogs
  2 gnoll sergeants
  2 wyvern zombies
  2 scorpions
  7 wights
  8 killer bees
  2 bullfrog zombies
  A gnoll shaman (D:8)
  7 orc priests
  A jelly (D:7)
  A bullfrog skeleton (D:4)
  6 hounds
  2 centaur skeletons (D:5)
  3 iguanas
  9 orc wizards
  A killer bee zombie (D:8)
  A hound skeleton (D:5)
  Robin (D:2)
  18 gnolls
  3 howler monkey zombies
  A howler monkey skeleton (D:6)
  8 adders
  A shadow imp (D:8)
  2 white imps (D:6)
  An ufetubus (D:7)
  3 worms
  A dart slug (D:1)
  26 orcs
  6 endoplasms
  A giant cockroach (D:1)
  9 goblins
  3 hobgoblins
  9 jackals
  5 quokkas
  3 ball pythons
  3 bats (D:2)
  A frilled lizard (D:1)
  3 kobolds
  4 rats
301 creatures vanquished.

Vanquished Creatures (others)
  An orc wizard (D:9)
  A dart slug (D:3)
  A demonic plant (D:1)
  21 fungi
  41 plants
  2 withered plants (D:1)
67 creatures vanquished.

Grand Total: 368 creatures vanquished

Notes
Turn   | Place    | Note
-------+----------+-------------------------------------------
     0 | D:1      | bande the Gargoyle Fighter began the quest for the Orb.
     0 | D:1      | Reached XP level 1. HP: 14/14 MP: 1/1
    63 | D:1      | Found a faded altar of an unknown god.
   112 | D:1      | Reached XP level 2. HP: 17/19 MP: 2/2
   346 | D:1      | Reached skill level 2 in Axes
   563 | D:1      | Reached XP level 3. HP: 23/23 MP: 3/3
   965 | D:2      | Noticed Robin
   976 | D:2      | Killed Robin
  1239 | D:2      | Reached XP level 4. HP: 21/29 MP: 4/4
  1957 | D:2      | Reached skill level 3 in Axes
  2802 | D:2      | Reached XP level 5. HP: 7/33 MP: 5/5
  3329 | D:3      | Found a stormy altar of Qazlal.
  4231 | D:3      | Reached XP level 6. HP: 38/38 MP: 6/6
  4594 | D:4      | Reached skill level 4 in Axes
  4602 | D:4      | HP: 1/39 [gnoll sergeant (8)]
  5214 | D:5      | Entered Level 5 of the Dungeon
  5221 | D:5      | Reached skill level 1 in Evocations
  5221 | D:5      | Reached XP level 7. HP: 13/44 MP: 7/7
  5458 | D:5      | Noticed a yak
  5486 | D:5      | Killed a yak
  5487 | D:5      | Reached skill level 5 in Armour
  5655 | D:5      | Noticed a yak
  5657 | D:5      | Noticed a yak
  5703 | D:4      | Killed a yak
  5704 | D:4      | Reached skill level 5 in Axes
  5812 | D:5      | Killed a yak
  5813 | D:5      | Reached skill level 5 in Fighting
  5813 | D:5      | Reached XP level 8. HP: 38/49 MP: 8/8
  6137 | D:5      | You fall into a shaft and drop 3 floors!
  6570 | D:6      | Reached skill level 6 in Axes
  6699 | D:6      | Reached skill level 5 in Shields
  6777 | D:6      | Found a runed translucent door.
  6777 | D:6      | Noticed yellowboar's ghost (novice TeAE)
  6883 | D:6      | Reached XP level 9. HP: 35/55 MP: 9/9
  7031 | D:5      | Reached skill level 7 in Axes
  7507 | D:5      | Noticed Blork the orc
  7518 | D:5      | Killed Blork the orc
  7751 | D:5      | Noticed Edmund
  7759 | D:5      | Killed Edmund
  8354 | D:7      | Reached skill level 8 in Axes
  8405 | D:7      | Found a staircase to the Ecumenical Temple.
  8432 | Temple   | Entered the Ecumenical Temple
  8957 | D:7      | Gained mutation: You have a pair of small horns on your
                  | head. [potion of mutation]
  8957 | D:7      | Gained mutation: Your spells are a little harder to cast,
                  | but a little more powerful. [potion of mutation]
  8958 | D:7      | Lost mutation: Your spells are a little harder to cast, but
                  | a little more powerful. [potion of mutation]
  8958 | D:7      | Gained mutation: Your mind is acute. (Int +2) [potion of
                  | mutation]
  8958 | D:7      | Gained mutation: You tend to lose your temper in combat.
                  | [potion of mutation]
  8958 | D:7      | Gained mutation: You have a somewhat thin skeletal
                  | structure. (Dex +2, Stealth+) [potion of mutation]
  8959 | D:7      | Lost mutation: You tend to lose your temper in combat.
                  | [potion of mutation]
  8959 | D:7      | Lost mutation: Your mind is acute. (Int +2) [potion of
                  | mutation]
  8959 | D:7      | Lost mutation: You have a pair of small horns on your head.
                  | [potion of mutation]
  8959 | D:7      | Gained mutation: You expend magic power (3 MP) to
                  | strengthen your wands. [potion of mutation]
  8959 | D:7      | Gained mutation: You are agile. (Dex +2) [potion of
                  | mutation]
  8986 | D:7      | Reached XP level 10. HP: 47/61 MP: 10/10
  9257 | D:6      | Reached skill level 5 in Evocations
  9520 | D:7      | Reached skill level 9 in Axes
  9785 | D:8      | Found a broken altar of Ashenzari.
 10384 | D:8      | Noticed a centaur warrior
 10384 | D:8      | Noticed a skeletal warrior
 10465 | D:8      | Found an iron altar of Okawaru.
 10471 | D:8      | Found an opulent altar of Gozag.
 10471 | D:8      | Found an ornate altar of the Wu Jian Council.
 10471 | D:8      | Found a basalt altar of Yredelemnul.
 10471 | D:8      | Found a radiant altar of Vehumet.
 10483 | D:8      | Found a blossoming altar of Fedhas.
 10490 | D:8      | Became a worshipper of Warmaster Okawaru
 10509 | D:8      | Found a glowing golden altar of the Shining One.
 10613 | D:8      | Found a burning altar of Makhleb.
 10613 | D:8      | Noticed a cacodemon
 11665 | D:9      | Found a staircase to the Orcish Mines.
 11678 | D:9      | Reached * piety under Okawaru
 12689 | D:10     | Entered Level 10 of the Dungeon
 12693 | D:10     | Reached skill level 10 in Axes
 12745 | D:10     | Found a staircase to the Lair.
 12789 | D:10     | Reached XP level 11. HP: 47/67 MP: 11/11
 12802 | D:10     | Found Fageweint's Jewellery Shoppe.
 12891 | D:10     | Found Qevvoco's General Store.
 13038 | D:10     | Reached skill level 1 in Invocations
 13407 | D:10     | Noticed a tengu warrior
 13429 | D:10     | Killed a tengu warrior
 13429 | D:10     | Reached ** piety under Okawaru
 13725 | Lair:1   | Entered Level 1 of the Lair of Beasts
 15290 | Lair:2   | Reached *** piety under Okawaru
 15331 | Lair:2   | You fall into a shaft and drop 1 floor!
 15565 | Lair:2   | Found a staircase to the Shoals.
 15798 | Lair:2   | Found a hole to the Spider Nest.
 15805 | Lair:2   | Reached **** piety under Okawaru
 15806 | Lair:2   | Reached skill level 11 in Axes
 16024 | Lair:2   | Noticed an oklob plant
 16279 | Lair:2   | Reached XP level 12. HP: 75/75 MP: 13/16
 16508 | Lair:3   | Reached XP level 13. HP: 53/79 MP: 17/17
 16625 | Lair:3   | Got Cikoebodghe's Reference Book on Arcane Weapons
 16632 | Lair:3   | Learned a level 2 spell: Blink
 16772 | Lair:3   | Reached skill level 1 in Translocations
 16789 | Lair:3   | Reached ***** piety under Okawaru
 16844 | Lair:3   | Reached skill level 10 in Armour
 16955 | Lair:3   | Received a gift from Okawaru
 17113 | Lair:3   | Reached skill level 12 in Axes
 17774 | Lair:4   | Found a runed translucent door.
 17775 | Lair:4   | Identified the +9 spear "Uzexkukk" {vamp, rF- Int+4 Stlth+}
 17777 | Lair:4   | Noticed Beilucy's ghost (journeyman FoFi)
 18361 | Lair:4   | Noticed Rupert
 18370 | Lair:4   | Paralysed by Rupert for 3 turns
 18383 | Lair:4   | Demolished by Rupert

Illustrated notes

Levels and vault maps discovered:
D:1:      evilmike_arrival_crescent, layout_loops_cross,
          shapermc_ecumenical_altar_gd, minivault_25
D:2:      layout_basic, uniq_robin
D:3:      layout_basic, grunt_qazlal_clouds
D:4:      layout_cave_pods, lightli_minifort
D:5:      black_bear_nest_2, layout_basic, minmay_bent, uniq_blork_the_orc,
          uniq_edmund
D:6:      layout_loops_cross, ebering_ghost_inner_flame
D:7:      layout_loops_ring, minmay_temple_entry_mist,
          minmay_misc_feat_more_columns, minmay_circle_x
D:8:      layout_loops_corners, minitemple, makhleb_altar_promises_db,
          mainiacjoe_overflow_surrounded_room, hangedman_decor_clover_reticule,
          lightli_corner_chamber
D:9:      layout_layer_cave, minmay_orc_entry_temple_small, nrook_pool_corridor
D:10:     layout_rooms, lair_entry_dummy, serial_shops, shop, kennysheep_mini
Temple:   minmay_temple_forest_path
Lair:1:   layout_hall_layers
Lair:2:   layout_regular_city, minmay_shoals_entry_lonely_mermaid,
          spider_nest_entry_a, minivault_11, serial_bayou_pond_a,
          grunt_megastairs_4
Lair:3:   nzn_winding_woodlands_huge [nzn_winding_woodlands_5x15_crooked,
          nzn_winding_woodlands_5x15_zeroes, nzn_winding_woodlands_5x15_parted,
          nzn_winding_woodlands_5x15_pockets, nzn_winding_woodlands_5x15_eye,
          nzn_winding_woodlands_5x15_pathside_ponds,
          nzn_winding_woodlands_5x15_pool, nzn_winding_woodlands_5x15_longhouse,
          nzn_winding_woodlands_5x15_sawtooth,
          nzn_winding_woodlands_5x15_garden,
          nzn_winding_woodlands_center_triple_pond,
          nzn_winding_woodlands_center_lodge,
          nzn_winding_woodlands_15x15_thick_spiral], layout_regular_city
Lair:4:   layout_regular_city, ebering_ghost_funeral_grove,
          grunt_forest_small_clearing_treed, uniq_rupert

Skill      XL: |  1  2  3  4  5  6  7  8  9 10 11 12 13 |
---------------+----------------------------------------+-----
Axes           | 2 3 4 5 6 8 10 11 12 | 12.4
Armour         | 4 5 6 7 9 10 | 10.3
Fighting       | 4 5 6 7 8 9 |  9.3
Shields        | 4 5 6 7 8 |  8.4
Evocations     | 1 2 3 4 6 8 |  8.1
Invocations    | 6 7 |  7.5
Translocations | 3 |  3.3

Action                   |  1- 3 |  4- 6 |  7- 9 | 10-12 | 13-15 || total
-------------------------+-------+-------+-------+-------+-------++-------
Melee: War axe           |   103 |   128 |   264 |   253 |       ||   748
       Broad axe         |       |       |       |   198 |   303 ||   501
Invok: Heroism           |       |       |       |       |     1 ||     1
  Use: Scroll            |     1 |     6 |     5 |    12 |     1 ||    25
       Potion            |       |       |     3 |     2 |     1 ||     6
Armor: Scale mail        |    55 |    86 |   186 |   107 |       ||   434
       Chain mail        |       |       |       |   227 |   208 ||   435
Dodge: Dodged            |    69 |    85 |   115 |   191 |   104 ||   564
Block: Buckler           |    24 |    49 |    92 |   165 |   122 ||   452

Table legend: (Time is in decaauts)
 A = Elapsed time spent in this place.
 B = Non-inter-level travel time spent in this place.
 C = Inter-level travel time spent in this place.
 D = Time resting spent in this place.
 E = Time spent auto-exploring this place.
 F = Levels seen in this place.
 G = Mean time per level.
                   A        B        C        D        E       F      G
               +--------+--------+--------+--------+--------+-----+--------+
         Total |  18563 |  18405 |    158 |   2956 |  11434 |  15 | 1237.5 |
       Dungeon |  13475 |  13385 |     90 |   2453 |   8426 |  10 | 1347.5 |
        Temple |    400 |    332 |     68 |      0 |    316 |   1 |  400.0 |
          Lair |   4687 |   4687 |      0 |    503 |   2692 |   4 | 1171.8 |
               +--------+--------+--------+--------+--------+-----+--------+

Top non-repeatable levels by time:
     D:2: 1881 daAuts
     D:5: 1833 daAuts
     D:9: 1617 daAuts
  Lair:3: 1542 daAuts
     D:8: 1339 daAuts
     D:3: 1322 daAuts
  Lair:1: 1296 daAuts
     D:4: 1262 daAuts
     D:6: 1205 daAuts
  Lair:2: 1200 daAuts
    D:10: 1035 daAuts
     D:7: 1021 daAuts
     D:1: 955 daAuts
  Lair:4: 648 daAuts
  Temple: 400 daAuts
